 Dungeon Sprint DCSS version 0.20.1-1-g8b1a95d (webtiles) character file.

319 KingStallion the Fighter (level 6, -9/50 HPs)
             Began as an Octopode Berserker on Oct 16, 2017.
             Was a Believer of Trog.
             Mangled by a white ugly thing (26 damage)
             ... in the Dungeon (Sprint V: "Ziggurat Sprint").
             The game lasted 00:01:41 (250 turns).

KingStallion the Fighter (Octopode Berserker)        Turns: 250, Time: 00:01:42

Health: -9/50      AC:  1    Str: 31    XL:     6   Next: 46%
Magic:  6/6        EV: 12    Int: 21    God:    Trog [**....]
Gold:   0          SH: 28    Dex: 23    Spells: 5/5 levels left

rFire    . . .     SeeInvis .   a - +6 shillelagh "Devastator" {shatter}
rCold    . . .     Gourm    .   I - +18 shield of the Gong {rElec rN+ MR+ EV-5}
rNeg     + . .     Faith    .   (helmet restricted)
rPois    .         Spirit   .   (no amulet)
rElec    +         Reflect  .   w - +6 ring of dexterity
rCorr    +         Harm     .   x - +6 ring of dexterity
MR       +....     NoTele   +   y - +6 ring of intelligence
Stlth    ++++......             z - +6 ring of intelligence
Regen    0.2/turn               A - +6 ring of strength
MPRegen  0.1/turn               B - +6 ring of strength
                                J - ring of resist corrosion
                                (no ring)

@: no status effects
A: almost no armour, stealthy swim, amphibious, 8 rings, constrict 8, camouflage
1, gelatinous body 1
a: Berserk, Trog's Hand, Burn Spellbooks, Renounce Religion


You were in the Dungeon.
You worshipped Trog.
Trog was pleased with you.
You were not hungry.

You visited 1 branch

Inventory:

Hand Weapons
 a - the +6 shillelagh "Devastator" (weapon) {shatter}
   (You found it in the Dungeon)
 b - the +9 sword of Zonguldrok {reap}
   (You found it in the Dungeon)

   If a monster killed with it leaves a corpse in good enough shape, the corpse
   will be animated as a zombie friendly to the killer.
Armour
 I - the +18 shield of the Gong (worn) {rElec rN+ MR+ EV-5}
   (You found it in the Dungeon)

   It affects your evasion (-5).
   It insulates you from electricity.
   It protects you from negative energy.
   It affects your resistance to hostile enchantments.
Jewellery
 w - a +6 ring of dexterity (left tentacle)
 x - a +6 ring of dexterity (right tentacle)
 y - a +6 ring of intelligence (on tentacle)
 z - a +6 ring of intelligence (on tentacle)
 A - a +6 ring of strength (on tentacle)
 B - a +6 ring of strength (on tentacle)
 J - a ring of resist corrosion (on tentacle)
Wands
 C - a wand of disintegration (7/24)
 D - a wand of iceblast (5/15)
 E - a wand of lightning (5/15)
 F - a wand of acid (5/15)
Scrolls
 g - 4 scrolls of blinking
 n - 3 scrolls of recharging
 o - 7 scrolls of fog
 p - a scroll of holy word
 q - 5 scrolls of identify
 r - 5 scrolls of remove curse
 s - 2 scrolls of fear
Potions
 c - 10 potions of heal wounds
 d - 6 potions of haste
 e - 7 potions of magic
 f - 3 potions of berserk rage
 h - 2 potions of brilliance
 i - 2 potions of invisibility
 j - 4 potions of resistance
 k - a potion of experience
 l - 5 potions of agility
 m - 5 potions of might
 H - 10 potions of curing
Books
 K - a book of Fire

   Spells                             Type                      Level
   a - Ignite Poison                  Fire/Transmutation/Poison    3
   b - Fireball                       Conjuration/Fire             5
   c - Bolt of Fire                   Conjuration/Fire             6
   d - Ring of Flames                 Charms/Fire                  7
   e - Ignition                       Fire                         8
   Trog disapproves of the use of such an item.
Miscellaneous
 v - a lightning rod (4/4)
Comestibles
 t - 42 fruits
 u - 4 meat rations
 G - 5 bread rations


   Skills:
 + Level 8.1 Fighting
 + Level 0.8 Maces & Flails
 + Level 8.0 Dodging
 + Level 2.8 Stealth
 + Level 1.2 Shields
 + Level 7.9 Unarmed Combat


You had 5 spell levels left.
You didn't know any spells.

Dungeon Overview and Level Annotations

Branches:
Dungeon (1/1)

Altars:
Ashenzari
Cheibriados
Dithmenos
Elyvilon
Fedhas
Gozag
Hepliaklqana
Kikubaaqudgha
Makhleb
Nemelex Xobeh
Okawaru
Qazlal
Ru
Sif Muna
Trog
Uskayaw
Vehumet
Xom
Yredelemnul
Zin
The Shining One
Beogh
Jiyva
Lugonu

Annotations:
D 1 transporter


Innate Abilities, Weirdness & Mutations

You cannot wear most types of armour.
You are very stealthy in the water. (Stealth+)
You are amphibious.
You can wear up to eight rings at the same time.
You can use your tentacles to constrict eight enemies at once.
Your skin changes colour to match your surroundings (Stealth+).
Your rubbery body absorbs attacks. (AC +1, EV +1)


Message History

You block the white ugly thing's attack.
BOUMMMMG!
The komodo dragon bites you! The white ugly thing tail-slaps you.
The white ugly thing freezes you!!
You hit the white ugly thing.
The white ugly things and the komodo dragon shudder.
The white ugly thing is severely wounded.
The komodo dragon is heavily wounded.
The white ugly thing is moderately wounded.
The white ugly thing is severely wounded.
You constrict the white ugly thing.
You block the white ugly thing's attack.
GONNNNG!
The komodo dragon misses you.
You block the white ugly thing's attack.
GONNNNG!
You release your grip on the white ugly thing.
The white ugly thing bites you. The white ugly thing freezes you!!
Ouch! That really hurt!
You die...

▓▓▓▓▓▓▓▓▓▓▓▓▓▓▓▓▓▓▓
▓.8©8.▓.8©8.▓.8©8.▓
▓.|):.▓.).[.▓.....▓
▓..)..▓.††..▓...).▓
▓.....▓.....▓.....▓
▓luu..▓.....▓.....▓
▓.@...▓.....▓.....▓
▓.....▓.....▓▓▓▓▓▓▓
▓▓▓▓▓▓▓▓▓▓▓▓▓


You could see 2 ugly things and a komodo dragon.

Vanquished Creatures
  A tarantella (D)
  2 scorpions (D)
  A crimson imp (D)
  A quasit (D)
  A worm (shapeshifter) (D)
6 creatures vanquished.

Vanquished Creatures (others)
  A spatial maelstrom (D)
1 creature vanquished.

Grand Total: 7 creatures vanquished

Notes
Turn   | Place    | Note
-------+----------+-------------------------------------------
     0 | D        | KingStallion the Octopode Berserker began the quest for the Orb.
     0 | D        | Reached XP level 1. HP: 16/16 MP: 1/1
     0 | D        | Found a deep blue altar of Sif Muna.
     0 | D        | Found a bloodstained altar of Trog.
     0 | D        | Found a sacrificial altar of Ru.
     0 | D        | Found a stormy altar of Qazlal.
     0 | D        | Found an iron altar of Okawaru.
     1 | D        | Found a sparkling altar of Nemelex Xobeh.
     1 | D        | Found a blossoming altar of Fedhas.
     3 | D        | Found a transporter.
     3 | D        | Found an ancient bone altar of Kikubaaqudgha.
     3 | D        | Found a viscous altar of Jiyva.
     3 | D        | Found a corrupted altar of Lugonu.
     3 | D        | Found a hazy altar of Hepliaklqana.
     3 | D        | Found a burning altar of Makhleb.
     3 | D        | Found an opulent altar of Gozag.
    16 | D        | Banished a spatial maelstrom
    75 | D        | Entered arena 2.
    75 | D        | Noticed a crimson imp
    75 | D        | Noticed a quasit
    75 | D        | Found a transporter.
    79 | D        | Killed a quasit
    79 | D        | Reached skill level 1 in Stealth
    79 | D        | Reached XP level 2. HP: 23/23 MP: 2/2
    79 | D        | Reached XP level 3. HP: 27/27 MP: 3/3
    80 | D        | Reached skill level 5 in Fighting
    80 | D        | Reached skill level 5 in Dodging
    80 | D        | Reached skill level 5 in Unarmed Combat
    80 | D        | Reached XP level 4. HP: 35/35 MP: 4/4
    89 | D        | Entered arena 3.
    89 | D        | Noticed a tarantella
    89 | D        | Found a transporter.
    94 | D        | Reached ** piety under Trog
    96 | D        | Killed a tarantella
    96 | D        | Reached skill level 1 in Shields
    96 | D        | Reached XP level 5. HP: 23/44 MP: 5/5
    96 | D        | Reached XP level 6. HP: 26/50 MP: 6/6
   244 | D        | Entered arena 4.
   244 | D        | Noticed a white ugly thing
   244 | D        | Noticed a komodo dragon
   244 | D        | Noticed a white ugly thing
   244 | D        | Found a transporter.
   250 | D        | Mangled by a white ugly thing

Skill      XL: |  1  2  3  4  5  6 |
---------------+-------------------+-----
Fighting       | 4 5 7 8 |  8.1
Dodging        | 4 5 7 8 |  8.0
Stealth        | 1 2 |  2.8
Unarmed Combat | 4 5 7 |  7.9
Shields        | 1 |  1.2
Maces & Flails | |  0.8

Action                   |  1- 3 |  4- 6 || total
-------------------------+-------+-------++-------
Melee: Shillelagh        |     2 |     7 ||     9
       Tentacles         |     1 |     1 ||     2
       Constrict         |       |     2 ||     2
 Stab: Sleeping          |     1 |       ||     1
Dodge: Dodged            |       |     2 ||     2
Block: Shield            |       |    11 ||    11
